 Dungeon Crawl Stone Soup version 0.27-a0-1312-g5cdb2b3542 (webtiles) character file.

Game seed: 9498052616692992453

52 avis the Insei (level 3, 0/26 HPs)
             Began as a Merfolk Transmuter on June 20, 2021.
             Succumbed to an adder's poison
             ... on level 2 of the Dungeon.
             The game lasted 00:08:09 (1857 turns).

avis the Insei (Merfolk Transmuter)                 Turns: 1857, Time: 00:08:10

Health: 0/26       AC:  2    Str: 11    XL:     3   Next: 85%
Magic:  7/7        EV: 20    Int: 12    God:
Gold:   44         SH:  0    Dex: 19    Spells: 2/8 levels left

rFire    . . .     SeeInvis .     - Unarmed
rCold    . . .     Faith    .   (shield currently unavailable)
rNeg     . . .     Spirit   .   (armour currently unavailable)
rPois    x         Reflect  .   (helmet currently unavailable)
rElec    .         Harm     .   (cloak currently unavailable)
rCorr    .         Rampage  .   (gloves currently unavailable)
Will     .....                  (boots currently unavailable)
Stlth    ++........             (no amulet)
HPRegen  0.08/turn              (no ring)
MPRegen  0.10/turn              (no ring)

@: lethally poisoned (0 -> -4), spider-form (expiring)
A: venomous fangs, tiny, (nimble swimmer 2), (mertail)
a: End Transformation


You were on level 2 of the Dungeon.
You were a venomous arachnid creature.
You visited 1 branch of the dungeon, and saw 2 of its levels.

You collected 44 gold pieces.

Inventory:

Missiles
 c - 39 stones
 e - 28 arrows
 g - 19 poisoned darts
Armour
 a - a +0 robe (melded)
Jewellery
 h - a ring of positive energy
Scrolls
 b - 2 scrolls of teleportation {unknown}
 d - a scroll of acquirement {unknown}


   Skills:
 - Level 1.1 Fighting
 + Level 3.1 Dodging
 + Level 1.0 Stealth
 + Level 3.6 Unarmed Combat
 - Level 3.0 Spellcasting
 + Level 3.0 Transmutations
 + Level 0.6 Poison Magic


You had 2 spell levels left.
You knew the following spells:

 Your Spells              Type           Power      Damage    Failure   Level
a - Beastly Appendage     Tmut           18%        N/A       19%         1
b - Wereblood             Tmut           9%         N/A       26%         2
p - Spider Form           Tmut/Pois      3%         N/A       56%         3

Your spell library contained the following spells:

 Spells                   Type           Power      Damage    Failure   Level
 Ice Form                 Ice/Tmut       5%         N/A       91%         4


Dungeon Overview and Level Annotations

Branches:
Dungeon (2/15)

Altars:


Innate Abilities, Weirdness & Mutations

You are a venomous arachnid creature.
You have poisonous fangs.
You are tiny and dextrous.
Your spellcasting is less reliable in this form.
Your armour is entirely melded.
You are incapable of wielding weapons or throwing items.
((You are quick and stealthy near water. (Stealth+, EV+, Speed+++)))
((Your lower body shifts to a powerful aquatic tail in water.))


Message History

The adder bites you.
You are poisoned.
The adder poisons you!
You closely miss the adder.
You feel sick. The adder closely misses you.
You closely miss the adder. Your headbutt misses the adder.
You feel sick. The adder bites you.
You completely miss the adder. The adder bites you but does no damage.
Casting: Beastly Appendage (safe; 8% risk of failure)
Confirm with . or Enter, or press ? or * to list all spells.
The spell is extremely dangerous to cast (36% risk of failure)!
Continue anyway?
Your horns disappear.
You turn into a venomous arachnid creature.
Your +0 robe melds into your body.
You feel sick. The adder bites you. The adder completely misses you.
You barely miss the adder.
You feel sick. The adder bites you.
* * * LOW HITPOINT WARNING * * *
You are lethally poisoned!
The adder poisons you!
You hit the adder but do no damage.
The adder is poisoned.
* * * LOW HITPOINT WARNING * * *
You feel sick. The adder closely misses you.
You hit the adder.
The adder looks as sick as possible!
The adder is lightly wounded.
* * * LOW HITPOINT WARNING * * *
You feel sick. The adder misses you.
You hit the adder.
The adder looks as sick as possible!
The adder is moderately wounded.
* * * LOW HITPOINT WARNING * * *
You feel sick. The adder closely misses you.
You hit the adder.
You kill the adder!
* * * LOW HITPOINT WARNING * * *
You feel sick.
Your Stealth skill increases to level 1!
Your Transmutations skill increases to level 3!
You hit the rat.
You kill the rat!
Your transformation is almost over.
It was a potion of magic.
Magic courses through your body.
You die...

#. ... .... #.#.#
.# ...... ##.#
#....#######...#
#......†s.......
#....#.###.#.##.
#.#.#.#.###.#<#
...#.........#
...h.......<..##..
#S.###..#...†.....#
#. #..#.#........
#..#.##..###.#
.....##..# #


There were no monsters in sight!

Vanquished Creatures
  An adder (D:2)
  A dart slug (D:1)
  2 ball pythons
  An endoplasm (D:1)
  4 hobgoblins (D:1)
  8 jackals
  3 quokkas (D:1)
  3 bats (D:1)
  A frilled lizard (D:2)
  6 goblins (D:1)
  2 kobolds (D:1)
  6 rats
38 creatures vanquished.

Notes
Turn   | Place    | Note
-------+----------+-------------------------------------------
     0 | D:1      | avis the Merfolk Transmuter began the quest for the Orb.
     0 | D:1      | Reached XP level 1. HP: 15/15 MP: 3/3
   375 | D:1      | Reached XP level 2. HP: 21/21 MP: 3/5
   926 | D:1      | Reached XP level 3. HP: 18/26 MP: 5/7
  1018 | D:1      | Learned a level 2 spell: Wereblood
  1022 | D:1      | Learned a level 3 spell: Spider Form
  1855 | D:2      | HP: 1/26 [poisoned by an adder]
  1856 | D:2      | Reached skill level 1 in Stealth
  1857 | D:2      | Succumbed to an adder's poison

Illustrated notes

Levels and vault maps discovered:
D:1:      saegor_arrival_under_anarchy, layout_basic, grunt_decor_resistance,
          hangedman_decor_peaks_small, minmay_pentomino_w4
D:2:      layout_loops_ring, ebering_ecumenical_altar_petrified, uniq_terence,
          uniq_jessica, uniq_crazy_yiuf_cottage

Skill      XL: |  1  2  3 |
---------------+----------+-----
Spellcasting   | 3 |  3.0
Dodging        | 3 |  3.1
Stealth        | 1 |  1.0
Transmutations | 3 |  3.0
Fighting       | |  1.1
Unarmed Combat | |  3.6
Poison Magic   | |  0.6

Action                   || total
-------------------------++-------
Melee: Unarmed           ||   108
       Headbutt          ||    12
       Punch             ||     1
 Cast: Beastly Appendage ||    26
       Spider Form       ||     1
  Use: Potion            ||     1
 Stab: Sleeping          ||     2
Armor: Robe              ||    16
Dodge: Dodged            ||    59

Table legend: (Time is in decaauts)
 A = Elapsed time spent in this place.
 B = Non-inter-level travel time spent in this place.
 C = Inter-level travel time spent in this place.
 D = Time resting spent in this place.
 E = Time spent auto-exploring this place.
 F = Levels seen in this place.
 G = Mean time per level.
                   A        B        C        D        E       F      G
               +--------+--------+--------+--------+--------+-----+--------+
         Total |   1850 |   1782 |     68 |    618 |    679 |   2 |  925.0 |
       Dungeon |   1850 |   1782 |     68 |    618 |    679 |   2 |  925.0 |
               +--------+--------+--------+--------+--------+-----+--------+

Top non-repeatable levels by time:
     D:1: 1807 daAuts
     D:2: 42 daAuts
